 Dungeon Crawl Stone Soup version bcrawl-1.14 (webtiles) character file.

Game seed: 12879908535818911104

2052 MisterOstroum the Ducker (level 9, -2/73 HPs)
             Began as a Gnoll Reaver on Sept 6, 2019.
             Was a Believer of Vehumet.
             Engulfed by a cloud of flame (21 damage)
             ... on level 6 of the Dungeon.
             The game lasted 00:13:23 (7038 turns).

MisterOstroum the Ducker (Gnoll Reaver)             Turns: 7038, Time: 00:13:24

Health: -2/73      AC:  9    Str: 15    XL:     9   Next: 25%
Magic:  9/18       EV: 17    Int: 18    God:    Vehumet [**....]
Gold:   522        SH:  0    Dex: 14    Spells: 14/20 levels left

rFire    . . .     SeeInvis .   u - -1 broad axe (curse)
rCold    . . .     Gourm    .   (no shield)
rNeg     . . .     Faith    .   b - +2 steam dragon scales
rPois    .         Spirit   .   (no helmet)
rElec    .         Reflect  .   m - +0 cloak
rCorr    .         Harm     .   (no gloves)
MR       .....                  (no boots)
Stlth    +++.......             (no amulet)
HPRegen  0.22/turn              (no ring)
MPRegen  0.16/turn              (no ring)

@: very slightly contaminated
A: distributed training, fangs 1, strong nose
a: Renounce Religion


You were on level 6 of the Dungeon.
You worshipped Vehumet.
Vehumet was pleased with you.
You were not hungry.

You visited 1 branch of the dungeon, and saw 6 of its levels.

You collected 522 gold pieces.

Inventory:

Hand Weapons
 a - a +0 war axe
 u - a cursed -1 broad axe (weapon)
Missiles
 n - 1242 stones (quivered)
 o - a throwing net {!f!f}
Armour
 b - +2 steam dragon scales (worn)
 m - a +0 cloak (worn)
Jewellery
 s - an uncursed ring of see invisible {unknown}
 w - an uncursed ring of fire {unknown}
Wands
 g - a wand of paralysis (7)
Scrolls
 d - a scroll of immolation
 p - 4 scrolls of identify {@r1}
 r - 2 scrolls of teleportation {@r3 !r}
 t - 2 scrolls of magic mapping {@r5 !r}
Potions
 c - 2 potions of haste {@q4 !q}
 f - a potion of agility {unknown}
 h - a potion of berserk rage {unknown}
 i - 2 potions of degeneration {unknown}
 j - 3 potions of curing {unknown}
 k - 2 potions of lignification {unknown}
 l - 2 potions of cancellation {unknown}
 q - 3 potions of heal wounds {unknown}
 x - a potion of mutation {unknown}
Comestibles
 e - 12 rations {!d}


   Skills:
 + Level 7.7 Fighting
 + Level 4.0 Short Blades
 + Level 4.0 Long Blades
 + Level 7.7 Axes
 + Level 4.0 Maces & Flails
 + Level 4.0 Polearms
 + Level 4.0 Staves
 + Level 4.0 Slings
 + Level 4.0 Bows
 + Level 4.0 Crossbows
 + Level 4.0 Throwing
 + Level 4.0 Armour
 + Level 7.7 Dodging
 + Level 4.0 Stealth
 + Level 4.0 Shields
 + Level 4.0 Unarmed Combat
 + Level 6.4 Spellcasting
 + Level 3.2 Conjurations
 + Level 3.2 Hexes
 + Level 3.2 Charms
 + Level 3.2 Summonings
 + Level 3.2 Necromancy
 + Level 3.2 Translocations
 + Level 3.2 Transmutations
 + Level 3.2 Fire Magic
 + Level 3.2 Ice Magic
 + Level 3.2 Air Magic
 + Level 3.2 Earth Magic
 + Level 3.2 Poison Magic
 + Level 4.4 Invocations
 + Level 4.0 Evocations


You had 14 spell levels left.
You knew the following spells:

 Your Spells              Type           Power        Failure   Level  Hunger
a - Shock                 Conj/Air       ###..        3%          1    None
b - Searing Ray           Conj           ###...       4%          2    None
c - Inner Flame           Hex/Fire       N/A          9%          3    ##.....

Your spell library contained the following spells:

 Spells                   Type           Power        Failure   Level  Hunger
 Iskenderun's Battlesphe  Conj/Chrm      ###.....     63%         5    #####..


Dungeon Overview and Level Annotations

Branches:
Dungeon (6/12)             Temple (0/1) D:5

Altars:
Ashenzari
Cheibriados
Fedhas
Lugonu
Okawaru

Shops:
D:5 ?


Innate Abilities, Weirdness & Mutations

Your experience applies equally to all skills.
You have very sharp teeth.
Your uncanny sense of smell can sniff out nearby items.


Message History

The zap hits the adder.
The adder is heavily wounded.
Casting: Shock (safe; 3% risk of failure)
Confirm with . or Enter, or press ? or * to list all spells.
Aiming: Searing Ray (safe; 4% risk of failure)
Press: ? - help, Shift-Dir - straight line, f/p - adder
Aim: an adder (heavily wounded)
The searing ray misses the adder. (Press . to maintain the ray.)
An adder is nearby!
Casting: Searing Ray (safe; 4% risk of failure)
Confirm with . or Enter, or press ? or * to list all spells.
Aiming: Searing Ray (safe; 4% risk of failure)
Press: ? - help, Shift-Dir - straight line, f/p - adder
Aim: an adder (heavily wounded)
The searing ray hits the adder.
The adder is almost dead. (Press . to maintain the ray.)
An adder is nearby!
An adder is nearby!
You barely miss the adder.
The adder is almost dead.
The adder completely misses you.
You slash the adder!
You kill the adder!
Vehumet accepts your kill.
You feel your power returning.
You feel less vulnerable to hostile enchantments.
No target in view!
No target in view!
No target in view!
Eating one of 3 chunks of flesh.
You eat one of the 3 chunks of flesh.
This raw flesh tastes terrible.
j - 3 puce potions (gained 1)
w - a wooden ring You now have 492 gold pieces (gained 14).
You now have 508 gold pieces (gained 16).
Key pressed, stopping explore.
Found a war axe.
All of the chunks of flesh in your inventory have rotted away.
You now have 522 gold pieces (gained 14).
The ogre is too close now for your liking.
An ogre is nearby!
An ogre is nearby!
Casting: Searing Ray (safe; 4% risk of failure)
Confirm with . or Enter, or press ? or * to list all spells.
Aiming: Searing Ray (safe; 4% risk of failure)
Press: ? - help, Shift-Dir - straight line, f - ogre
Aim: an ogre, wielding a +0 giant spiked club (hasn't noticed you)
The searing ray hits the ogre.
The ogre is lightly wounded.
The ogre shouts! (Press . to maintain the ray.)
The searing ray misses the ogre.
You hear a croak.
The searing ray hits the ogre.
The ogre is heavily wounded.
A bullfrog comes into view.
The searing ray hits the ogre.
The ogre is severely wounded.
You finish channeling your searing ray.
The ogre hits you with a +0 giant spiked club.
Casting: Searing Ray (safe; 4% risk of failure)
Confirm with . or Enter, or press ? or * to list all spells.
Aiming: Inner Flame (safe; 9% risk of failure)
Press: ? - help, Shift-Dir - straight line, f/p - ogre
Aim: an ogre, wielding a +0 giant spiked club (severely wounded)
You miscast Inner Flame.
You are very lightly contaminated with residual magic.
Nothing appears to happen.
The ogre misses you.
Casting: Inner Flame (safe; 9% risk of failure)
Confirm with . or Enter, or press ? or * to list all spells.
Aiming: Inner Flame (safe; 9% risk of failure)
Press: ? - help, Shift-Dir - straight line, f/p - ogre
Aim: an ogre, wielding a +0 giant spiked club (severely wounded)
The ogre is filled with an inner flame.
The bullfrog closely misses you.
You slash the ogre! You punch the ogre.
The ogre explodes!
The fiery explosion engulfs the bullfrog.
The bullfrog is almost dead.
The fiery explosion engulfs you!
Ouch! That really hurt!
* * * LOW HITPOINT WARNING * * *
Vehumet accepts your kill.
You feel your power returning.
Your Short Blades skill increases to level 4!
Your Long Blades skill increases to level 4!
Your Maces & Flails skill increases to level 4!
Your Polearms skill increases to level 4!
Your Staves skill increases to level 4!
Your Slings skill increases to level 4!
Your Bows skill increases to level 4!
Your Crossbows skill increases to level 4!
Your Throwing skill increases to level 4!
Your Armour skill increases to level 4!
Your Stealth skill increases to level 4!
Your Shields skill increases to level 4!
Your Unarmed Combat skill increases to level 4!
Your Evocations skill increases to level 4!
You completely miss the bullfrog.
You are engulfed in blazing flames.
You die...

#.. #.# #### #.# ##..##
##.###....# #.........##
##..........##
##............##
###...............
#@................
.....§§F...............#
%....§§§...%......##..##
..#.)######.%.....##..#
#.. ##......#...# ##
#.....#..## #.......#
##.......###
#..........#


You could see a bullfrog.

Vanquished Creatures
  Pikel (D:4)
  2 yaks (D:5)
  2 slaves
  2 sky beasts
  A black bear (D:6)
  2 phantoms
  3 ogres
  A crocodile (D:6)
  A scorpion (D:5)
  A howler monkey (D:4)
  2 crimson imps (D:4)
  A hound (D:4)
  2 centaur skeletons (D:5)
  An orc priest (D:5)
  Terence (D:3)
  An iguana (D:5)
  A worker ant (D:5)
  A hound skeleton (D:5)
  A gnoll (D:4)
  A howler monkey skeleton (D:4)
  7 adders
  A river rat (D:5)
  2 oozes
  An adder skeleton (D:6)
  3 worms
  4 leopard geckos
  6 orcs
  9 bats
  A giant cockroach (D:1)
  9 goblins
  12 hobgoblins
  10 jackals
  7 kobolds
  2 quokkas (D:3)
  6 ball pythons
  4 frilled lizards
  10 rats
122 creatures vanquished.

Vanquished Creatures (others)
  An iguana (D:4)
  2 gnolls (D:4)
3 creatures vanquished.

Grand Total: 125 creatures vanquished

Notes
Turn   | Place    | Note
-------+----------+-------------------------------------------
     0 | D:1      | MisterOstroum the Gnoll Reaver began the quest for the Orb.
     0 | D:1      | Reached XP level 1. HP: 23/23 MP: 6/6
    58 | D:1      | Reached XP level 2. HP: 24/29 MP: 7/7
   322 | D:1      | Reached XP level 3. HP: 23/35 MP: 9/9
   322 | D:1      | Reached * piety under Vehumet
   322 | D:1      | Offered knowledge of Shock by Vehumet.
   324 | D:1      | Reached skill level 5 in Spellcasting
   327 | D:1      | Learned a level 1 spell: Shock
   994 | D:2      | Reached skill level 1 in Invocations
  1381 | D:2      | Found an iron altar of Okawaru.
  1437 | D:2      | Reached skill level 1 in Short Blades
  1437 | D:2      | Reached skill level 1 in Long Blades
  1437 | D:2      | Reached skill level 1 in Maces & Flails
  1437 | D:2      | Reached skill level 1 in Polearms
  1437 | D:2      | Reached skill level 1 in Staves
  1437 | D:2      | Reached skill level 1 in Slings
  1437 | D:2      | Reached skill level 1 in Bows
  1437 | D:2      | Reached skill level 1 in Crossbows
  1437 | D:2      | Reached skill level 1 in Throwing
  1437 | D:2      | Reached skill level 1 in Armour
  1437 | D:2      | Reached skill level 1 in Stealth
  1437 | D:2      | Reached skill level 1 in Shields
  1437 | D:2      | Reached skill level 1 in Unarmed Combat
  1437 | D:2      | Reached skill level 1 in Evocations
  1576 | D:2      | Reached XP level 4. HP: 41/41 MP: 7/11
  2217 | D:3      | Noticed a phantom
  2246 | D:3      | Killed a phantom
  2246 | D:3      | Reached skill level 1 in Conjurations
  2246 | D:3      | Reached skill level 1 in Hexes
  2246 | D:3      | Reached skill level 1 in Charms
  2246 | D:3      | Reached skill level 1 in Summonings
  2246 | D:3      | Reached skill level 1 in Necromancy
  2246 | D:3      | Reached skill level 1 in Translocations
  2246 | D:3      | Reached skill level 1 in Transmutations
  2246 | D:3      | Reached skill level 1 in Fire Magic
  2246 | D:3      | Reached skill level 1 in Ice Magic
  2246 | D:3      | Reached skill level 1 in Air Magic
  2246 | D:3      | Reached skill level 1 in Earth Magic
  2246 | D:3      | Reached skill level 1 in Poison Magic
  2246 | D:3      | Reached XP level 5. HP: 28/47 MP: 12/12
  2468 | D:3      | Found a blossoming altar of Fedhas.
  2676 | D:3      | Offered knowledge of Searing Ray by Vehumet.
  2680 | D:3      | Learned a level 2 spell: Searing Ray
  2807 | D:3      | Reached ** piety under Vehumet
  3204 | D:3      | Noticed Terence
  3209 | D:3      | Killed Terence
  3209 | D:3      | Reached XP level 6. HP: 53/53 MP: 7/13
  3492 | D:4      | Noticed a sky beast
  3507 | D:4      | Killed a sky beast
  3630 | D:4      | Reached XP level 7. HP: 19/59 MP: 4/15
  3856 | D:4      | Noticed Pikel
  4024 | D:4      | Paralysed by Pikel for 4 turns
  4034 | D:4      | Killed Pikel
  4034 | D:4      | Reached XP level 8. HP: 33/67 MP: 3/16
  4549 | D:4      | Found a shattered altar of Ashenzari.
  4729 | D:5      | Entered Level 5 of the Dungeon
  4865 | D:5      | Found a snail-covered altar of Cheibriados.
  5462 | D:5      | Found Fiefred's Magic Scroll Shop.
  5583 | D:5      | Found a corrupted altar of Lugonu.
  5583 | D:5      | Noticed a yak
  5585 | D:5      | Noticed a yak
  5587 | D:5      | Noticed a yak
  5597 | D:5      | Killed a yak
  5938 | D:5      | Found a staircase to the Ecumenical Temple.
  6023 | D:5      | Killed a yak
  6023 | D:5      | Reached XP level 9. HP: 59/72 MP: 3/18
  6560 | D:5      | Offered knowledge of Inner Flame by Vehumet.
  6565 | D:5      | Learned a level 3 spell: Inner Flame
  7038 | D:6      | Engulfed by a cloud of flame

Skill      XL: |  1  2  3  4  5  6  7  8  9 |
---------------+----------------------------+-----
Spellcasting   | 5 6 |  6.4
Invocations    | 1 2 3 4 |  4.4
Short Blades   | 1 2 3 4 |  4.0
Long Blades    | 1 2 3 4 |  4.0
Maces & Flails | 1 2 3 4 |  4.0
Polearms       | 1 2 3 4 |  4.0
Staves         | 1 2 3 4 |  4.0
Slings         | 1 2 3 4 |  4.0
Bows           | 1 2 3 4 |  4.0
Crossbows      | 1 2 3 4 |  4.0
Throwing       | 1 2 3 4 |  4.0
Armour         | 1 2 3 4 |  4.0
Stealth        | 1 2 3 4 |  4.0
Shields        | 1 2 3 4 |  4.0
Unarmed Combat | 1 2 3 4 |  4.0
Evocations     | 1 2 3 4 |  4.0
Conjurations   | 1 2 3 |  3.2
Hexes          | 1 2 3 |  3.2
Charms         | 1 2 3 |  3.2
Summonings     | 1 2 3 |  3.2
Necromancy     | 1 2 3 |  3.2
Translocations | 1 2 3 |  3.2
Transmutations | 1 2 3 |  3.2
Fire Magic     | 1 2 3 |  3.2
Ice Magic      | 1 2 3 |  3.2
Air Magic      | 1 2 3 |  3.2
Earth Magic    | 1 2 3 |  3.2
Poison Magic   | 1 2 3 |  3.2
Fighting       | 7 |  7.7
Axes           | 7 |  7.7
Dodging        | 7 |  7.7

Action                   |  1- 3 |  4- 6 |  7- 9 || total
-------------------------+-------+-------+-------++-------
Melee: War axe           |    67 |    19 |       ||    86
       Bite              |     5 |     1 |    13 ||    19
       Broad axe         |       |    25 |   128 ||   153
       Punch             |       |       |     2 ||     2
Throw: Stone             |     5 |    38 |    42 ||    85
 Cast: Shock             |    34 |    62 |    34 ||   130
       Searing Ray       |       |     6 |    39 ||    45
       Inner Flame       |       |       |     1 ||     1
  Use: Scroll            |       |     6 |     2 ||     8
 Stab: Distracted        |     1 |       |       ||     1
       Sleeping          |     1 |       |       ||     1
  Eat: Chunk             |     2 |     6 |     8 ||    16
       Ration            |       |       |     1 ||     1
Armor: Steam dragon scal |    25 |    12 |    45 ||    82
Dodge: Dodged            |    94 |    49 |   147 ||   290
